 Dungeon Crawl Stone Soup version 0.28-a0-773-g130ae17fe5 (webtiles) character file.

Game seed: 14830393438782211536

6034 karkarkar the Cleaver (level 10, 0/86 HPs)
             Began as a Minotaur Fighter on Nov 2, 2021.
             Was a High Priest of Okawaru.
             Slain by a komodo dragon (15 damage)
             ... on level 9 of the Dungeon.
             The game lasted 00:32:17 (6946 turns).

karkarkar the Cleaver (Minotaur Fighter)            Turns: 6946, Time: 00:32:17

Health: 0/86       AC: 17    Str: 24    XL:     10   Next: 56%
Magic:  10/12      EV: 13    Int:  5    God:    Okawaru [*****.]
Gold:   482        SH:  6    Dex: 10    Spells: 9/9 levels left

rFire   . . .      SeeInvis +   a - +0 war axe
rCold   . . .      Faith    .   c - +0 buckler
rNeg    . . .      Spirit   .   v - +0 plate armour
rPois   .          Reflect  .   (helmet restricted)
rElec   .          Harm     .   l - scarf {repulsion}
rCorr   .          Rampage  .   L - +0 pair of gloves
Will    .....                   I - +0 pair of boots
Stlth   ..........              n - amulet of regeneration
HPRegen 1.24/turn               k - ring of see invisible
MPRegen 0.13/turn               e - +4 ring of evasion

@: heroic, repel missiles
A: horns 2, retaliatory headbutt
a: Renounce Religion, Heroism, Finesse, Duel


You were on level 9 of the Dungeon.
You worshipped Okawaru.
Okawaru was extremely pleased with you.
You visited 1 branch of the dungeon, and saw 9 of its levels.
You also visited: Sewer.

You collected 562 gold pieces.
You spent 80 gold pieces at shops.

Inventory:

Hand Weapons
 a - a +0 war axe (weapon)
 w - a +2 flail of protection
Missiles
 q - 56 poisoned darts
 B - 2 curare-tipped darts
 M - a throwing net
Armour
 b - a +2 tower shield
 c - a +0 buckler (worn)
 l - a scarf of repulsion (worn)
 v - a +0 plate armour (worn)
 I - a +0 pair of boots (worn)
 L - a +0 pair of gloves (worn)
Jewellery
 e - a +4 ring of evasion (right hand)
 h - a ring of positive energy
 k - a ring of see invisible (left hand)
 n - an amulet of regeneration (around neck)
 r - an amulet of the acrobat
 J - a ring of resist corrosion
Wands
 x - a wand of flame (19) (quivered)
 K - a wand of mindburst (10)
Scrolls
 i - 3 scrolls of teleportation
 j - a scroll of acquirement {unknown}
 o - 3 scrolls of vulnerability
 s - a scroll of fear
 y - a scroll of enchant armour {unknown}
 C - 2 scrolls of blinking {unknown}
 E - a scroll of brand weapon {unknown}
 F - a scroll of enchant weapon {unknown}
 G - a scroll of amnesia {unknown}
 H - 2 scrolls of immolation {unknown}
 N - a scroll of identify
Potions
 d - a potion of curing
 f - a potion of flight
 g - 5 potions of heal wounds
 m - a potion of mutation {unknown}
 p - 3 potions of attraction {unknown}
 t - 2 potions of invisibility {unknown}
 u - 2 potions of degeneration {unknown}
 z - 2 potions of magic {unknown}
 A - a potion of might
 D - 2 potions of haste {unknown}


   Skills:
 + Level 7.4(12.4) Fighting
 * Level 14.6(19.6) Axes
 + Level 5.3(10.3) Throwing
 - Level 5.2(10.2) Armour
 - Level 1.3(6.3) Dodging
 - Level 0.4(5.4) Stealth
 - Level 4.0(9.0) Shields
 * Level 5.0 Invocations
 - Level 1.2 Evocations


You had 9 spell levels left.
You didn't know any spells.
Your spell library contained the following spells:

 Spells                   Type           Power      Damage    Failure   Level
 Slow                     Hex            0%         N/A       99%         1
 Confusing Touch          Hex            0%         N/A       100%        3
 Yara's Violent Unravell  Hex/Tmut       0%         3d3       100%        5


Dungeon Overview and Level Annotations

Branches:
Dungeon (9/15)             Temple (0/1) D:5           Sewer (visited)
   Lair: D:8-11         Orc: D:9-12

Altars:
Cheibriados
Okawaru
Qazlal
Sif Muna
Vehumet
The Shining One

Shops:
D:3 *   D:4 ?

Annotations:
D:2 Sigmund
D:7 Erica


Innate Abilities, Weirdness & Mutations

You have a pair of horns on your head.
You reflexively headbutt those who attack you in melee.


Message History

You hit the komodo dragon but do no damage.
You headbutt the komodo dragon.
The komodo dragon is lightly wounded.
You closely miss the komodo dragon.
The komodo dragon is lightly wounded.
The komodo dragon bites you!!
You barely miss the komodo dragon.
The komodo dragon is lightly wounded.
The komodo dragon closely misses you.
You slash the komodo dragon!
The komodo dragon is moderately wounded.
The komodo dragon bites you!
You hit the komodo dragon. You headbutt the komodo dragon!
The komodo dragon is heavily wounded.
The komodo dragon bites you but does no damage.
You hit the komodo dragon. Your headbutt misses the komodo dragon.
The komodo dragon is heavily wounded.
Your plate armour prevents you from hitting the komodo dragon.
The komodo dragon is heavily wounded.
You block the komodo dragon's attack.
Your plate armour prevents you from hitting the komodo dragon.
The komodo dragon is heavily wounded.
The komodo dragon bites you.
You completely miss the komodo dragon. You headbutt the komodo dragon.
The komodo dragon is severely wounded.
The komodo dragon misses you.
You completely miss the komodo dragon.
The komodo dragon is severely wounded.
The komodo dragon hisses menacingly.
The komodo dragon bites you!!
Unknown command.
You gain the combat prowess of a mighty hero.
The komodo dragon bites you!
* * * LOW HITPOINT WARNING * * *
You completely miss the komodo dragon. Your headbutt misses the komodo dragon.
The komodo dragon is severely wounded.
You slash the komodo dragon!
The komodo dragon is almost dead.
The komodo dragon bites you!
You die...

#.).##.# #... ##...##.#
#... ###...###.# #...
##..†..# #.# #...
......## #.# ##..
....### #.# #.. ).###
#.# #.. .##
#.############ #.. .#
#....sl@.....####
####.. .#
#.######........#
#....# ## #....#
#........# #.#### #
#.##.# #........# #.#
#######
##..#D#######.#### #.#
......#.#...#.#....<#.#
#.#### ####..
!#s..#.#.#####.# #.....
## .. ....#.(....[..#
###### .#
#.#.#...#...#######


You could see a komodo dragon and a scorpion.

Vanquished Creatures
  2 two-headed ogres
  A kobold demonologist (D:9)
  A troll (D:9)
  Grinder (D:5)
  2 wyverns
  A wraith (D:9)
  2 water moccasins
  2 ice beasts
  A sky beast (D:5)
  2 black bears (D:6)
  3 necrophages
  2 ogres (D:5)
  3 centaurs
  8 kobold brigands
  3 bullfrogs
  2 wyvern zombies (D:7)
  A gnoll sergeant (D:7)
  3 scorpions
  A water moccasin zombie (D:5)
  3 killer bees (D:7)
  2 howler monkeys
  A bullfrog zombie (D:5)
  3 orc priests
  3 hounds (D:5)
  4 jellies
  3 centaur skeletons
  2 bullfrog skeletons
  4 iguanas
  Terence (D:2)
  4 orc wizards
  2 killer bee zombies
  A howler monkey skeleton (D:5)
  7 gnolls
  13 adders
  A river rat (Sewer)
  A white imp (D:7)
  2 ufetubi (D:4)
  An adder skeleton (D:4)
  6 worms
  4 dart slugs
  15 orcs
  10 endoplasms
  3 giant cockroaches
  6 goblins
  3 hobgoblins
  2 quokkas
  7 ball pythons
  5 bats
  A frilled lizard (D:3)
  18 kobolds
  8 rats
187 creatures vanquished.

Vanquished Creatures (others)
  An orc (D:3)
  A bush (D:5)
  42 fungi (D:9)
  56 plants (D:9)
100 creatures vanquished.

Grand Total: 287 creatures vanquished

Notes
Turn   | Place    | Note
-------+----------+-------------------------------------------
     0 | D:1      | karkarkar the Minotaur Fighter began the quest for the Orb.
     0 | D:1      | Reached XP level 1. HP: 19/19 MP: 0/0
   318 | D:1      | Found a faded altar of an unknown god.
   379 | D:1      | Reached XP level 2. HP: 27/27 MP: 1/1
  1039 | D:2      | Noticed Sigmund
  1040 | D:2      | Noticed Terence
  1043 | D:2      | Reached XP level 3. HP: 33/33 MP: 2/2
  1261 | D:2      | Killed Terence
  1263 | D:2      | Reached XP level 4. HP: 41/41 MP: 3/3
  1280 | D:2      | Reached skill level 5 in Armour
  1558 | D:3      | Reached skill level 3 in Axes
  1614 | D:3      | Reached XP level 5. HP: 40/47 MP: 4/4
  1688 | D:3      | Reached skill level 4 in Axes
  1831 | D:3      | Reached skill level 1 in Dodging
  1831 | D:3      | Found Buxeniom's Assorted Antiques.
  1839 | D:3      | Bought a scroll of identify for 40 gold pieces
  1839 | D:3      | Bought a scroll of identify for 40 gold pieces
  1971 | D:3      | Found a snail-covered altar of Cheibriados.
  1979 | D:3      | Found a shimmering blue altar of Sif Muna.
  2057 | D:4      | Noticed a phantom
  2155 | D:4      | Found an iron altar of Okawaru.
  2181 | D:4      | Found a radiant altar of Vehumet.
  2201 | D:4      | Found Ownaafej's Magic Scroll Boutique.
  2220 | D:4      | Reached skill level 5 in Axes
  2285 | D:4      | Noticed a phantom
  2318 | D:4      | Reached XP level 6. HP: 54/55 MP: 5/5
  2593 | D:4      | Reached skill level 1 in Evocations
  2794 | D:4      | Became a worshipper of Warmaster Okawaru
  2808 | D:5      | Entered Level 5 of the Dungeon
  2819 | D:5      | Reached skill level 6 in Axes
  2819 | D:5      | Reached skill level 1 in Throwing
  2858 | D:5      | Reached XP level 7. HP: 49/60 MP: 6/6
  2953 | D:5      | Noticed Grinder
  3006 | D:5      | Reached skill level 5 in Fighting
  3006 | D:5      | Reached skill level 7 in Axes
  3122 | D:5      | Reached * piety under Okawaru
  3210 | D:5      | Reached skill level 1 in Invocations
  3274 | D:5      | Reached skill level 8 in Axes
  3289 | D:5      | Reached XP level 8. HP: 68/68 MP: 5/8
  3418 | D:5      | Reached ** piety under Okawaru
  3419 | D:5      | Reached skill level 9 in Axes
  3643 | D:5      | Paralysed by Grinder for 4 turns
  3670 | D:5      | Killed Grinder
  3671 | D:5      | Reached skill level 10 in Axes
  3730 | D:5      | Found a staircase to the Ecumenical Temple.
  4008 | D:6      | Found a glowing drain.
  4088 | Sewer    | Entered a sewer
  4283 | Sewer    | Reached XP level 9. HP: 67/75 MP: 10/10
  4426 | Sewer    | Reached skill level 11 in Axes
  4547 | D:6      | Reached *** piety under Okawaru
  5022 | D:6      | Found a stormy altar of Qazlal.
  5418 | D:7      | Reached skill level 12 in Axes
  5429 | D:7      | Found a glowing golden altar of the Shining One.
  5780 | D:8      | Noticed Erica
  5920 | D:8      | Reached **** piety under Okawaru
  6048 | D:8      | Noticed a two-headed ogre
  6063 | D:8      | Killed a two-headed ogre
  6064 | D:8      | Reached skill level 13 in Axes
  6064 | D:8      | Reached skill level 5 in Throwing
  6064 | D:8      | Reached XP level 10. HP: 54/84 MP: 4/12
  6300 | D:9      | Noticed an eight-headed hydra
  6342 | D:9      | Noticed a two-headed ogre
  6808 | D:9      | Killed a two-headed ogre
  6808 | D:9      | Reached ***** piety under Okawaru
  6809 | D:9      | Reached skill level 14 in Axes
  6847 | D:9      | Noticed a smoke demon
  6855 | D:9      | Noticed a sun demon
  6857 | D:9      | Reached skill level 5 in Invocations
  6946 | D:9      | Slain by a komodo dragon

Illustrated notes

Levels and vault maps discovered:
D:1:      co_arrival_square_in_a_square_in_a_square, layout_loops_cross,
          chequers_ecumenical_altar_simple
D:2:      layout_basic, minmay_heptomino_h4, uniq_sigmund, uniq_terence
D:3:      layout_rooms, mainiacjoe_overflow_big_doors, serial_shops,
          nicolae_shop_trees
D:4:      layout_basic, okawaru_trees_2, nicolae_vehumet_radiance, serial_shops,
          nicolae_shop_crystal, minmay_manual_mandibuliform, uniq_ijyb
D:5:      minmay_chambers_of_threes, layout_loops_ring, temple_fountains,
          chequers_serial_rivers_micro_b, grunt_ministairs_2,
          kb_lookout_dungeons_type, minmay_misc_feat_encased, uniq_grinder
D:6:      layout_basic, mainiacjoe_overflow_six_doors_small,
          cheibrodos_sewer_entry_drain
D:7:      layout_basic, old_standard_altar
D:8:      layout_rooms, uniq_erica
D:9:      layout_basic, due_lair_maze_entry_diamond, gammafunk_ghost_hydra_chop,
          eino_curves_04

Skill      XL: |  1  2  3  4  5  6  7  8  9 10 |
---------------+-------------------------------+-----
Fighting       | 4 5 6 7 |  7.4
Armour         | 4 5 |  5.2
Shields        | 4 |  4.0
Axes           | 3 5 6 8 10 13 14 | 14.6
Dodging        | 1 |  1.3
Evocations     | 1 |  1.2
Throwing       | 1 3 5 |  5.3
Invocations    | 1 3 4 5 |  5.0
Stealth        | |  0.4

Action                   |  1- 3 |  4- 6 |  7- 9 | 10-12 || total
-------------------------+-------+-------+-------+-------++-------
Melee: War axe           |    41 |   102 |   307 |    90 ||   540
       Headbutt          |     4 |    20 |    55 |    18 ||    97
Throw: Dart              |       |    40 |    59 |       ||    99
Invok: Heroism           |       |       |     4 |     3 ||     7
       Finesse           |       |       |     1 |       ||     1
Evoke: Wand              |       |     2 |     1 |       ||     3
  Use: Scroll            |     1 |     2 |     4 |     1 ||     8
       Potion            |     1 |       |     1 |       ||     2
Armor: Scale mail        |    19 |    30 |       |       ||    49
       Plate armour      |       |       |   129 |    45 ||   174
Dodge: Dodged            |    26 |    67 |   172 |    53 ||   318
       Repelled          |       |       |     4 |     2 ||     6
Block: Buckler           |     8 |    25 |    59 |    14 ||   106

Table legend: (Time is in decaauts)
 A = Elapsed time spent in this place.
 B = Non-inter-level travel time spent in this place.
 C = Inter-level travel time spent in this place.
 D = Time resting spent in this place.
 E = Time spent auto-exploring this place.
 F = Levels seen in this place.
 G = Mean time per level.
                   A        B        C        D        E       F      G
               +--------+--------+--------+--------+--------+-----+--------+
         Total |   7016 |   6814 |    202 |    327 |   4126 |  10 |  701.6 |
       Dungeon |   6594 |   6392 |    202 |    327 |   3884 |   9 |  732.7 |
         Sewer |    421 |    421 |      0 |      0 |    242 |   1 |  421.0 |
               +--------+--------+--------+--------+--------+-----+--------+

Top non-repeatable levels by time:
     D:5: 1122 daAuts
     D:6: 925 daAuts
     D:4: 824 daAuts
     D:1: 774 daAuts
     D:2: 670 daAuts
     D:8: 623 daAuts
     D:3: 610 daAuts
     D:7: 532 daAuts
     D:9: 513 daAuts
   Sewer: 421 daAuts
